 Dungeon Crawl Stone Soup version 0.30-a0-778-g2ef04afb54 (webtiles) character file.

Game seed: 14053845886431353333

44 BigDaddyOpFi the Trooper (level 3, -2/23 HPs)
             Began as a Vampire Fighter on Feb 15, 2023.
             Slain by a jackal (3 damage)
             ... on level 2 of the Dungeon.
             The game lasted 00:03:05 (1368 turns).

BigDaddyOpFi the Trooper (Vampire Fighter)          Turns: 1368, Time: 00:03:05

Health: -2/23      AC:  0    Str: 13 (17) XL:     3   Next: 41%
Magic:  3/3        EV: 17    Int:  6 (10) God:
Gold:   78         SH:  0    Dex: 14 (18) Spells: 2/2 levels left

rFire   . . .      SeeInvis +    (weapon currently unavailable)
rCold   + + .      Faith    .    (shield currently unavailable)
rNeg    + + +      Spirit   .    (body armour currently unavailable)
rPois   ∞          Reflect  .    (helmet currently unavailable)
rElec   .          Harm     .    (cloak currently unavailable)
rCorr   .          Rampage  .    (gloves currently unavailable)
Will    .....                    (boots currently unavailable)
Stlth   +++                      (no amulet)
HPRegen 0.00/turn                (ring currently unavailable)
MPRegen 0.08/turn                (ring currently unavailable)

@: bat-form, flying, bloodless, inhibited regen, very quick
A: fast, flying, no casting, tiny, bloodless, fangs 3, see invisible, vampiric 2
a: Revivify, End Transformation


You were on level 2 of the Dungeon.
You were a vampire bat.
You visited 1 branch of the dungeon, and saw 2 of its levels.

You collected 78 gold pieces.

Inventory:

Hand Weapons
 a - a +0 long sword (melded)
Armour
 b - a +0 scale mail (melded)
 d - a +0 cloak (melded)
 f - a +0 kite shield (melded)
Scrolls
 h - a scroll of identify
Potions
 e - a potion of lignification


   Skills:
 + Level 3.1 Fighting
 + Level 2.5 Long Blades
 + Level 2.8 Armour
 + Level 3.1 Shields


You had 2 spell levels left.
You didn't know any spells.
Your spell library was empty.

Dungeon Overview and Level Annotations

Branches:
Dungeon (2/15)

Altars:
Kikubaaqudgha


Innate Abilities, Weirdness & Mutations

You are a vampire bat.
You are tiny and dextrous.
You move quickly.
You are flying.
You are immune to poison.
Your equipment is almost entirely melded.
You are incapable of wielding weapons or throwing items.
You cannot cast spells.
You do not regenerate when monsters are visible.
You are frail without blood (-20% HP).
You can heal yourself when you bite living creatures.
You are immune to poison.
You have razor-sharp teeth.
You have supernaturally acute eyesight. (SInv)
You are afflicted with vampirism and can become a bat while bloodless.


Message History

Your +0 kite shield melds into your body.
Your +0 scale mail melds into your body.
You feel weakened.
You feel dopey.
You feel clumsy. The adder bites you. The orc hits you with a +0 whip!
The endoplasm jiggles.
There is an escape hatch in the ceiling here.
The orc wizard shouts!
Found a club.
Found 10 gold pieces and a scroll labelled YRETSE SEIPS.
A kobold comes into view.
It is wielding a +0 short sword of venom.
Found 10 gold pieces.
The adder hisses angrily.
A kobold comes into view. It is wielding a +0 short sword.
Found a stone staircase leading down.
The adder hisses angrily.
You see here a scroll labelled HOCOLO QYKK.
An endoplasm comes into view.
Found a scroll of teleportation.
The jackal barks! x2
The endoplasm quivers.
The kobold shouts!
The jackal barks!
A giant cockroach comes into view.
The jackal closely misses you.
Found a leather armour.
The jackal barely misses you.
The kobold throws a stone.
The stone hits you. The jackal misses you.
You hit the jackal but do no damage. The jackal completely misses you.
The adder bites you.
* * * LOW HITPOINT WARNING * * *
The jackal bites you.
* * * LOW HITPOINT WARNING * * *
The jackal bites you.
* * * LOW HITPOINT WARNING * * *
The kobold throws a stone.
The stone misses you.
The stone closely misses the adder.
The jackal closely misses you.
You hit the jackal but do no damage. The adder misses you.
The jackal bites you.
* * * LOW HITPOINT WARNING * * *
The jackal bites you.
You die...

########..##.####
#...?......#
##.#..###########.....#
#.#.........# ....#.#
#.#K........# ......
#........>...
#...........#
#..#K........
###..#..h...?.[
#...?.hbhJ.....
#.......S......
#.._...........
#..............
#..............
#.#..#B........
#....#.........
###<.#.##.#..## #..#


You could see an adder, an endoplasm, 3 jackals, a giant cockroach and 2
kobolds.

Vanquished Creatures
  A dart slug (D:1)
  An endoplasm (D:1)
  A giant cockroach (D:1)
  6 goblins (D:1)
  3 hobgoblins (D:1)
  8 jackals (D:1)
  5 kobolds (D:1)
  3 quokkas (D:1)
  4 ball pythons (D:1)
  A bat (D:1)
  3 frilled lizards (D:1)
  A rat (D:1)
37 creatures vanquished.

Notes
Turn   | Place    | Note
-------+----------+-------------------------------------------
     0 | D:1      | BigDaddyOpFi the Vampire Fighter began the quest for the
                  | Orb.
     0 | D:1      | Reached XP level 1. HP: 17/17 MP: 1/1
   118 | D:1      | Reached XP level 2. HP: 20/23 MP: 2/2
   270 | D:1      | Gained mutation: You are afflicted with vampirism and can
                  | become a bat while bloodless. [Vampire growth]
   270 | D:1      | Reached XP level 3. HP: 22/29 MP: 3/3
   486 | D:1      | Found a faded altar of an unknown god.
  1312 | D:2      | Found an ancient bone altar of Kikubaaqudgha.
  1368 | D:2      | HP: 1/23 [jackal (1)]
  1368 | D:2      | Slain by a jackal

Illustrated notes

Levels and vault maps discovered:
D:1:      minmay_arrival_three_doors, layout_loops_ring,
          nicolae_ecumenical_lake_church
D:2:      cheibrodos_pilgrimage, layout_rooms, basic_altar,
          nicolae_grassy_gnolls

Skill      XL: |  1  2 |
---------------+-------+-----
Fighting       | 3 |  3.1
Shields        | 3 |  3.1
Long Blades    | |  2.5
Armour         | |  2.8

Action                     || total
---------------------------++-------
  Melee: Long sword        ||    93
         Bite              ||    11
         Unarmed           ||    38
Ability: Bat Form          ||     2
         End Transformatio ||     1
         Exsanguinate      ||     1
    Use: Potion            ||     2
         Scroll            ||     2
   Stab: Sleeping          ||     1
 Armour: Scale mail        ||    60
  Dodge: Dodged            ||    78
  Block: Buckler           ||     6
         Kite shield       ||    42

Table legend: (Time is in decaauts)
 A = Elapsed time spent in this place.
 B = Non-inter-level travel time spent in this place.
 C = Inter-level travel time spent in this place.
 D = Time resting spent in this place.
 E = Time spent auto-exploring this place.
 F = Levels seen in this place.
 G = Mean time per level.
                   A        B        C        D        E       F      G
               +--------+--------+--------+--------+--------+-----+--------+
         Total |   1344 |   1290 |     54 |    409 |    478 |   2 |  672.0 |
       Dungeon |   1344 |   1290 |     54 |    409 |    478 |   2 |  672.0 |
               +--------+--------+--------+--------+--------+-----+--------+

Top non-repeatable levels by time:
     D:1: 1302 daAuts
     D:2: 42 daAuts
